cohdb
Replays
Latest Replays
All Replays
Popular Replays
Top Player Replays
Match Explorer
How It Works
Community
CoH3 Stats
Reddit
Sign in to upload your games and track your stats! →
Sign in with Steam
Match 43851120
Unlisted
Match 43851120
Overview
Messages
Build Orders
End
Royal Engineer Section
Construct Section Command Post
Infantry Section
Infantry Section
ML 3-inch Mortar Team
Infantry Section
Construct Platoon Command Post
Selects Air and Sea Battlegroup
Selects Supply Surplus
Selects UNKNOWN (223837)
Construct Field Infirmary
Forward Retreat Point
Humber Armored Car
Construct Resource Cache
Construct Resource Cache
Construct Company Command Post
Crusader II Medium Tank
Construct Resource Cache
Infantry Section
Webster
UnterOficire
Wup4
Grongolock
0
0
Comments
sign in to comment!
No comments posted yet!